 Dungeon Crawl Stone Soup version 0.26.1-10-gdfb7c7de75 (webtiles) character file.

Game seed: 14066314711940391212

13097 tardwrangler69 the Cleaver (level 11, -3/151 HPs)
             Began as a Minotaur Fighter on Apr 3, 2021.
             Was a Priest of Uskayaw.
             Slain by a boulder beetle (11 damage)
             ... on level 11 of the Dungeon.
             The game lasted 00:14:18 (12099 turns).

tardwrangler69 the Cleaver (Minotaur Fighter)      Turns: 12099, Time: 00:14:19

Health: -3/151     AC: 25    Str: 24    XL:     11   Next: 71%
Magic:  1/10       EV:  2    Int:  5    God:    Uskayaw [***...]
Gold:   640        SH:  9    Dex: 10    Spells: 10/10 levels left

rFire    . . .     SeeInvis +   F - +0 broad axe
rCold    . . .     Faith    .   c - +0 kite shield
rNeg     + + +     Spirit   .   (armour currently unavailable)
rPois    +         Reflect  .   (helmet currently unavailable)
rElec    .         Harm     .   (cloak currently unavailable)
rCorr    .         Rampage  .   (gloves currently unavailable)
Will     +....     NoTele   +   (boots currently unavailable)
Stlth    +.........             (no amulet)
HPRegen  0.35/turn              o - ring of see invisible
MPRegen  0.12/turn              r - ring of willpower

@: mighty, tree-form
A: (retaliatory headbutt)
a: Renounce Religion, Stomp, Line Pass


You were on level 11 of the Dungeon.
You worshipped Uskayaw.
Uskayaw was noncommittal.
You were a tree.
You visited 1 branch of the dungeon, and saw 11 of its levels.
You also visited: Sewer.

You collected 640 gold pieces.

Inventory:

Hand Weapons
 x - a +3 war axe
 F - a +0 broad axe (weapon)
Armour
 a - the +4 scale mail of Shadows and Fog (melded) {rElec rC+ rN+ MP-9}
   (You found it on level 7 of the Dungeon)

   It protects you from cold.
   It insulates you from electricity.
   It protects you from negative energy.
   It affects your magic capacity (-9).
 c - a +0 kite shield (worn)
 p - a +2 cloak (melded)
 y - a +2 hat (melded)
 B - a +0 pair of boots (melded)
Jewellery
 o - a ring of see invisible (left branch)
 r - a ring of willpower (right branch)
 t - an uncursed ring of ice
 z - a +6 ring of dexterity {unknown}
 E - a +6 ring of strength {unknown}
Wands
 e - a wand of acid (11)
 u - a wand of flame (16)
 w - a wand of polymorph (13)
 A - a wand of digging (12)
 C - a wand of paralysis (11)
 H - a wand of iceblast (7)
 K - a wand of enslavement (11)
Scrolls
 g - 4 scrolls of enchant armour
 h - 5 scrolls of remove curse
 i - 5 scrolls of teleportation
 j - 11 scrolls of identify
 m - a scroll of magic mapping
 s - a scroll of amnesia
 D - a scroll of fear {unknown}
 G - a scroll of vulnerability {unknown}
 I - a scroll of torment {unknown}
Potions
 b - 3 potions of curing {unknown}
 d - a potion of might
 k - 3 potions of flight
 l - a potion of lignification
 n - a potion of attraction
 q - a potion of berserk rage {unknown}
 v - a potion of resistance
 J - a potion of brilliance


   Skills:
 + Level 10.8 Fighting
 * Level 13.9 Axes
 + Level 10.7 Armour
 + Level 9.2 Dodging
 - Level 3.6 Shields


You had 10 spell levels left.
You didn't know any spells.
Your spell library contained the following spells:

 Spells                   Type           Power        Failure   Level
 Animate Skeleton         Necr           0%           93%         1
 Apportation              Tloc           0%           93%         1
 Beastly Appendage        Tmut           0%           93%         1
 Corona                   Hex            0%           93%         1
 Foxfire                  Conj/Fire      0%           93%         1
 Summon Small Mammal      Summ           0%           93%         1
 Ensorcelled Hibernation  Hex/Ice        0%           98%         2
 Wereblood                Tmut           0%           98%         2
 Confusing Touch          Hex            0%           100%        3
 Conjure Flame            Conj/Fire      0%           100%        3
 Dazzling Flash           Conj/Hex       0%           100%        3
 Gell's Gravitas          Tloc           0%           100%        3
 Inner Flame              Hex/Fire       0%           100%        3
 Spider Form              Tmut/Pois      0%           100%        3
 Tukima's Dance           Hex            0%           100%        3
 Ice Form                 Ice/Tmut       0%           100%        4
 Leda's Liquefaction      Hex/Erth       0%           100%        4
 Petrify                  Tmut/Erth      0%           100%        4
 Sticky Flame             Conj/Fire      0%           100%        4
 Blade Hands              Tmut           0%           100%        5
 Bolt of Magma            Conj/Fire/Erth 0%           100%        5
 Fireball                 Conj/Fire      0%           100%        5
 Iskenderun's Battlesphe  Conj           0%           100%        5
 Metabolic Englaciation   Hex/Ice        0%           100%        5
 Yara's Violent Unravell  Hex/Tmut       0%           100%        5
 Iron Shot                Conj/Erth      0%           100%        6
 Statue Form              Tmut/Erth      0%           100%        6
 Orb of Destruction       Conj           0%           100%        7
 Spellforged Servitor     Conj/Summ      0%           100%        7
 Shatter                  Erth           0%           100%        9


Dungeon Overview and Level Annotations

Branches:
Dungeon (11/15)            Temple (0/1) D:5            Lair (0/6) D:9
    Orc (0/2) D:11          Sewer (visited)

Altars:
Ashenzari
Cheibriados
Elyvilon
Gozag
Kikubaaqudgha
Makhleb
Nemelex Xobeh
Okawaru
Sif Muna
Trog
Uskayaw
Wu Jian
The Shining One
Beogh

Shops:
D:6 ?

Annotations:
D:4 exclusion: door


Innate Abilities, Weirdness & Mutations

((You reflexively headbutt those who attack you in melee.))
((You have a pair of horns on your head.))


Message History

You turn into a tree.
Your +2 cloak melds into your body.
Your +2 hat melds into your body.
Your +0 pair of boots melds into your body.
The +4 scale mail of Shadows and Fog {rElec rC+ rN+ MP-9} melds into your body.
Your roots penetrate the ground.
You block the boulder beetle's attack.
You feel very mighty all of a sudden.
The boulder beetle bites you but does no damage.
You slice the boulder beetle!!
The boulder beetle is heavily wounded.
The boulder beetle bites you!
* * * LOW HITPOINT WARNING * * *
Uskayaw will force your foes to helplessly watch your dance.
Uskayaw prepares the audience for your solo!
The helpless boulder beetle fails to defend itself.
You cut the boulder beetle into ribbons!!!
The boulder beetle is almost dead.
The centaur warrior zombie is no longer paralysed.
The boulder beetle is no longer paralysed.
The boulder beetle bites you!
You die...

..#
#♣≈≈≈≈≈≈≈≈≈≈≈≈≈≈≈≈≈≈≈≈
..#
#≈♣≈≈≈≈P≈≈≈≈≈≈≈≈≈≈≈≈≈≈
..#
#♣♣≈≈≈≈♣≈≈≈≈≈≈≈;≈≈≈≈≈≈
..#
#♣♣≈≈≈≈≈≈≈≈≈≈≈≈≈≈≈≈≈≈
..#
#.≈≈≈≈≈≈≈≈≈≈≈≈≈≈≈≈≈≈≈
..#
#..≈♣♣≈P≈ZP≈≈≈≈≈≈≈≈≈≈
..#
#..≈♣♣≈≈Z;≈B≈≈≈≈≈≈♣
..#
#.....♣♣B♣♣≈≈♣≈♣≈≈♣
..# #........♣♣♣≈≈♣≈≈
≈# ..#
#.........#####.#.#
..# #.........# . #
..# #...}.....# #. ..#
#.........# .# ..#
#.........# . ###
###########


You could see a boulder beetle and a centaur warrior zombie.

Vanquished Creatures
  Harold (D:8)
  A boulder beetle (D:7)
  A two-headed ogre (D:10)
  An unseen horror (D:10)
  Pikel (D:6)
  A manticore (D:10)
  2 ugly things (D:7)
  An elephant (D:9)
  Joseph (D:9)
  Maurice (D:8)
  Prince Ribbit (D:8)
  11 yaks
  A shadow (D:11)
  2 wraiths (D:11)
  2 wyverns (D:9)
  A basilisk (D:9)
  2 orc warriors
  3 black bears
  An ice beast (D:7)
  4 sky beasts
  6 ogres
  7 centaurs
  3 lemures (D:6)
  A big kobold (Sewer)
  6 bullfrogs
  A scorpion (D:7)
  16 wights
  11 killer bees
  3 howler monkeys
  4 electric eels
  4 hounds
  4 orc priests
  3 bullfrog skeletons
  2 centaur skeletons
  5 jellies
  Crazy Yiuf (D:3)
  5 worker ants
  7 orc wizards
  A hound skeleton (D:3)
  A worker ant zombie (D:11)
  7 gnolls
  A howler monkey skeleton (D:11)
  4 river rats
  16 adders
  A shadow imp (D:7)
  4 white imps
  An ufetubus (D:9)
  An ooze (D:6)
  2 adder zombies
  2 adder skeletons (D:9)
  3 worms
  A dart slug (D:3)
  9 leopard geckos
  41 orcs
  8 bats
  6 giant cockroaches
  4 goblins
  11 hobgoblins
  5 jackals
  9 kobolds
  7 quokkas
  2 ball pythons
  7 frilled lizards
  A leopard gecko skeleton (D:7)
  A leopard gecko zombie (D:5)
  A quokka skeleton (D:7)
  A quokka zombie (D:7)
  12 rats
  A rat zombie (D:8)
299 creatures vanquished.

Vanquished Creatures (others)
  36 plants (D:11)
36 creatures vanquished.

Grand Total: 335 creatures vanquished

Notes
Turn   | Place    | Note
-------+----------+-------------------------------------------
     0 | D:1      | tardwrangler69 the Minotaur Fighter began the quest for the
                  | Orb.
     0 | D:1      | Reached XP level 1. HP: 19/19 MP: 0/0
   688 | D:2      | Reached XP level 2. HP: 27/27 MP: 1/1
   818 | D:2      | Reached skill level 3 in Axes
   906 | D:2      | Reached skill level 1 in Dodging
   950 | D:2      | Reached XP level 3. HP: 33/33 MP: 2/2
  1044 | D:2      | Found a faded altar of an unknown god.
  1258 | D:2      | Found a burning altar of Makhleb.
  1412 | D:2      | Found a sparkling altar of Nemelex Xobeh.
  1415 | D:2      | Found a hide-covered altar of Uskayaw.
  1418 | D:2      | Found a snail-covered altar of Cheibriados.
  1420 | D:2      | Found an iron altar of Okawaru.
  1420 | D:2      | Found an opulent altar of Gozag.
  1422 | D:2      | Found a broken altar of Ashenzari.
  1429 | D:2      | Became a worshipper of Uskayaw the Reveller
  1440 | D:2      | Found a bloodstained altar of Trog.
  1528 | D:2      | Reached * piety under Uskayaw
  1529 | D:2      | Reached XP level 4. HP: 40/40 MP: 3/3
  1606 | D:2      | Reached ** piety under Uskayaw
  1862 | D:3      | Reached skill level 4 in Axes
  1912 | D:3      | Reached *** piety under Uskayaw
  1917 | D:3      | Reached **** piety under Uskayaw
  1919 | D:3      | Reached XP level 5. HP: 7/47 MP: 4/4
  2424 | D:3      | Found a runed translucent door.
  2425 | D:3      | Noticed Crazy Yiuf
  2623 | D:3      | Killed Crazy Yiuf
  2798 | D:4      | Reached skill level 5 in Axes
  2820 | D:4      | Reached XP level 6. HP: 38/55 MP: 5/5
  3095 | D:4      | Reached skill level 5 in Fighting
  3095 | D:4      | Reached skill level 5 in Armour
  3781 | D:4      | Found a shimmering blue altar of Sif Muna.
  3935 | D:5      | Entered Level 5 of the Dungeon
  4199 | D:5      | Found an iron altar of Okawaru.
  4208 | D:5      | Reached skill level 6 in Axes
  4211 | D:5      | Reached XP level 7. HP: 51/61 MP: 6/6
  4345 | D:5      | Found a staircase to the Ecumenical Temple.
  4878 | D:6      | Found Xazen's Magic Scroll Shoppe.
  4913 | D:6      | Found a glowing drain.
  4923 | Sewer    | Entered a sewer
  5189 | Sewer    | Found a white marble altar of Elyvilon.
  5295 | D:6      | Reached skill level 7 in Axes
  5444 | D:6      | Found a broken altar of Ashenzari.
  5589 | D:6      | Noticed Pikel
  5605 | D:6      | Killed Pikel
  5606 | D:6      | Reached skill level 8 in Axes
  5606 | D:6      | Reached XP level 8. HP: 37/71 MP: 7/7
  6116 | D:6      | Reached skill level 5 in Dodging
  6423 | D:7      | Found an ornate altar of the Wu Jian Council.
  6526 | D:7      | Reached skill level 9 in Axes
  6638 | D:7      | Noticed a green ugly thing
  6638 | D:7      | Noticed a white ugly thing
  6648 | D:7      | Killed a green ugly thing
  6649 | D:7      | Reached XP level 9. HP: 41/79 MP: 8/8
  6657 | D:7      | Reached ***** piety under Uskayaw
  6658 | D:7      | Killed a green ugly thing
  6659 | D:7      | Reached skill level 10 in Axes
  7342 | D:7      | Found a white marble altar of Elyvilon.
  7682 | D:7      | Noticed a boulder beetle
  7704 | D:7      | Killed a boulder beetle
  7705 | D:7      | Reached skill level 11 in Axes
  7705 | D:7      | Reached XP level 10. HP: 49/90 MP: 9/9
  7708 | D:7      | Got a glimmering scale mail
  7719 | D:7      | Identified the +4 scale mail of Shadows and Fog {rElec rC+
                  | rN+ MP-9} (You found it on level 7 of the Dungeon)
  7934 | D:7      | Found a glowing golden altar of the Shining One.
  8141 | D:7      | Got a pair of ichor-stained gloves
  8147 | D:7      | Identified the cursed -3 pair of gloves of Ylum {rCorr
                  | Int+7} (You found it on level 7 of the Dungeon)
  8271 | D:8      | Noticed Harold
  8291 | D:8      | Killed Harold
  8442 | D:8      | Noticed Prince Ribbit
  8449 | D:8      | Killed Prince Ribbit
  8722 | D:8      | Noticed Maurice
  8741 | D:8      | Killed Maurice
  8742 | D:8      | Reached skill level 12 in Axes
  9077 | D:8      | Found an ancient bone altar of Kikubaaqudgha.
  9179 | D:9      | Found a roughly hewn altar of Beogh.
  9262 | D:9      | Noticed Joseph
  9273 | D:9      | Killed Joseph
  9411 | D:9      | Found a staircase to the Lair.
  9411 | D:9      | Noticed an elephant
  9432 | D:9      | Killed an elephant
  9474 | D:9      | Reached XP level 11. HP: 99/99 MP: 1/10
  9477 | D:9      | Reached skill level 10 in Fighting
  9483 | D:9      | Reached ****** piety under Uskayaw
  9484 | D:9      | Reached skill level 10 in Armour
  9835 | D:9      | Reached skill level 13 in Axes
  9927 | D:9      | Found a glowing golden altar of the Shining One.
 10245 | D:10     | Entered Level 10 of the Dungeon
 10531 | D:10     | Found the +5 robe of Misfortune {*Contam Harm *Corrode
                  | *Drain *Slow EV+5}
 10936 | D:10     | Noticed an unseen horror
 10943 | D:10     | Killed an unseen horror
 10990 | D:10     | Noticed a two-headed ogre
 10999 | D:10     | Killed a two-headed ogre
 11476 | D:11     | Found a staircase to the Orcish Mines.
 12082 | D:11     | Noticed a boulder beetle
 12098 | D:11     | HP: 7/151 [boulder beetle (7)]
 12099 | D:11     | Slain by a boulder beetle

Illustrated notes

Levels and vault maps discovered:
D:1:      psy_arrival_statuary, layout_basic
D:2:      layout_loops_corners, overflow_temple_1_default, minitemple,
          chequers_ecumenical_altar_simple
D:3:      layout_rooms, uniq_crazy_yiuf_cottage
D:4:      layout_basic, minivault_11, led_sif_book
D:5:      layout_basic, minmay_temple_entry_sparse_star, minmay_misc_feat_alley,
          okawaru_trees_1
D:6:      layout_basic, serial_shops, shop, portal_sewer_entry_e,
          grunt_ministairs_10, nicolae_ashenzari_panopticon, uniq_pikel
D:7:      layout_loops_cross, nzn_wu_jian_council_hall, kennysheep_mini_moat,
          tso_oasis_becter, minmay_the_grid_2x2 [minmay_the_grid_holed_spiral,
          minmay_the_grid_spikes, minmay_the_grid_tiny_cups,
          minmay_the_grid_prize_four_corners_diamond_a]
D:8:      layout_basic, lemuel_zombie_altar_kikubaaqudgha,
          corexii_hall_statues_i, uniq_harold, uniq_maurice, uniq_prince_ribbit1
D:9:      layout_loops_ring, david_lair_generic, special_room
          [special_room_orc], chequers_serial_rivers_large_a,
          minmay_crystal_water, nicolae_tso_carved_into_rock, uniq_joseph
D:10:     layout_irregular_city, chequers_serial_rivers_micro_e,
          nicolae_twisting_strands
D:11:     layout_long_grid, orc_0_dummy, serial_bayou, serial_bayou_pond_b,
          serial_bayou_lake_a, serial_bayou_pond_b, serial_bayou_lagoon_a,
          kennysheep_generic_room_6

Skill      XL: |  1  2  3  4  5  6  7  8  9 10 11 |
---------------+----------------------------------+-----
Axes           | 3 4 5 6 8 9 11 12 13 | 13.9
Dodging        | 1 2 3 4 5 7 8 9 |  9.2
Fighting       | 4 5 6 7 8 9 10 | 10.8
Armour         | 4 5 6 7 8 9 10 | 10.7
Shields        | |  3.6

Action                   |  1- 3 |  4- 6 |  7- 9 | 10-12 || total
-------------------------+-------+-------+-------+-------++-------
Melee: War axe           |    77 |   144 |   252 |   186 ||   659
       Headbutt          |    13 |    19 |    46 |    69 ||   147
       Broad axe         |       |       |       |   130 ||   130
Invok: Stomp             |       |     1 |       |       ||     1
  Use: Scroll            |       |     9 |     5 |     3 ||    17
       Potion            |       |       |    12 |     2 ||    14
 Stab: Paralysed         |       |     4 |    14 |    22 ||    40
Armor: Scale mail        |    35 |    64 |    96 |   130 ||   325
       Plate armour      |       |       |     9 |       ||     9
       Skin              |       |       |       |     1 ||     1
Dodge: Dodged            |    22 |    63 |    80 |   109 ||   274
Block: Kite shield       |    38 |    67 |   128 |   129 ||   362
